 Dungeon Crawl Stone Soup version 0.18.1-5-g4a78601 (webtiles) character file.

2060 Gargoyl the Protected (level 9, 0/68 HPs)
             Began as a Demonspawn Abyssal Knight on May 12, 2016.
             Was an Elder of Lugonu.
             Succumbed to golgol's ghost's poison
             ... on level 7 of the Dungeon.
             The game lasted 00:19:08 (7140 turns).

Gargoyl the Protected (Demonspawn Abyssal Knight)   Turns: 7140, Time: 00:19:09

Health: 0/68       AC: 15    Str: 15    XL:     9   Next: 5%
Magic:  11/11      EV:  6    Int: 13    God:    Lugonu [****..]
Gold:   293        SH:  0    Dex: 14    Spells: 0 memorised, 8 levels left

rFire  . . .     SeeInvis +     g - +0 battleaxe
rCold  . . .     Gourm    .     D - +0 plate armour
rNeg   . . .     Faith    .     (shield currently unavailable)
rPois  +         Spirit   +     (helmet unavailable)
rElec  .         Dismiss  .     (no cloak)
rCorr  .         Reflect  .     (no gloves)
SustAt .         Harm     .     w - +0 pair of boots
MR     .....                    p - amulet of magic regeneration
Stlth  ..........               y - ring of see invisible
                                I - ring of poison resistance

@: lethally poisoned (0 -> -17), not resistant to hostile enchantments,
extremely unstealthy
A: hooves 1, horns 3, demonic guardian 1, magic shield
a: Depart the Abyss, Bend Space, Banish, Corrupt, Renounce Religion


You were on level 7 of the Dungeon.
You worshipped Lugonu.
Lugonu was greatly pleased with you.
You were hungry.

You visited 1 branch of the dungeon, and saw 7 of its levels.
You visited the Abyss 1 time.

You collected 293 gold pieces.

Inventory:

Hand Weapons
 g - a +0 battleaxe (weapon)
 i - a +0 flail
 u - a +1 spear of freezing
Missiles
 k - 5 javelins of returning (quivered)
Armour
 w - a +0 pair of boots (worn)
 D - a +0 plate armour (worn)
Jewellery
 p - an amulet of magic regeneration (around neck)
 q - an uncursed ring of flight
 y - a ring of see invisible (right hand)
 A - an uncursed ring of protection from fire
 I - a ring of poison resistance (left hand)
Wands
 e - a wand of polymorph (6/24)
 f - a wand of random effects (25/48)
Scrolls
 b - a scroll of blinking
 h - 3 scrolls of remove curse
 r - a scroll of enchant armour {unknown}
Potions
 l - a potion of degeneration
 s - a potion of flight {unknown}
 t - a potion of brilliance {unknown}
 B - a potion of haste {unknown}
 E - a potion of mutation {unknown}
 G - a potion of ambrosia {unknown}
 H - a potion of cure mutation {unknown}
Books
 a - a book of the Earth

   Spells                             Type                      Level
   a - Leda's Liquefaction            Hexes/Earth                  4
   b - Bolt of Magma                  Conjuration/Fire/Earth       5
   c - Statue Form                    Transmutation/Earth          6
   d - Iron Shot                      Conjuration/Earth            6
   e - Shatter                        Earth                        9
 z - a book of Clouds

   Spells                             Type                      Level
   a - Mephitic Cloud                 Conjuration/Poison/Air       3
   b - Conjure Flame                  Conjuration/Fire             3
   c - Poisonous Cloud                Conjuration/Poison/Air       6
   d - Freezing Cloud                 Conjuration/Ice/Air          6
   e - Ring of Flames                 Charms/Fire                  7
Miscellaneous
 d - a box of beasts
Comestibles
 c - 7 bread rations
 j - a meat ration
 n - 4 slices of pizza
 C - 2 beef jerkies


   Skills:
 + Level 5.4 Fighting
 + Level 4.5 Axes
 + Level 1.2 Throwing
 * Level 8.2 Armour
 + Level 3.3 Dodging
 + Level 1.2 Stealth
 + Level 3.0 Invocations


You had 8 spell levels left.
You didn't know any spells.

Dungeon Overview and Level Annotations

Branches:
Dungeon (7/15)             Temple (0/1) D:4

Altars:
Cheibriados
Elyvilon
Qazlal
Sif Muna
The Shining One

Shops:
D:4 *

Annotations:
D:7 golgol's ghost, novice MiBe


Innate Abilities, Weirdness & Mutations

You have large cloven feet.
You have a pair of large horns on your head.
A weak demonic guardian rushes to your aid.
When hurt, damage is shared between your health and your magic reserves.


Message History

* * * LOW HITPOINT WARNING * * *
Your iron imp hits golgol's ghost but does no damage.
Drink which item? (? for menu, Esc to quit)
It was a potion of cancellation.
Your magical effects are unravelling.
You feel magically purged.
You feel a little less mighty now.
* * * LOW HITPOINT WARNING * * *
You feel sick.
Golgol's ghost hits you but does no damage.
Press: ? - help, Shift-Dir - straight line, f/p - golgol's ghost
Aim: golgol's ghost, wielding a weapon of venom (severely damaged, chance to defeat MR: 50%)
You fail to use your ability.
* * * LOW HITPOINT WARNING * * *
You feel sick.
Your iron imp hits golgol's ghost!
Golgol's ghost hits you.
You are more poisoned.
You don't have enough magic at the moment.
Drink which item? (? for menu, Esc to quit)
It was a potion of magic.
Magic courses through your body.
You die...

########################.
.........................
#################.######
##.###### #....)....
#.........
#######.........
...(.5..<.......
...!..W@........
..#.#.#......... #
#..#..###### ##. ..# #.
..# #. ..# #. ..# #. ..#


You could see golgol's ghost and a friendly iron imp.

Vanquished Creatures
  Pikel (D:5)
  2 orc warriors
  A sky beast (D:7)
  3 slaves
  An ogre (D:4)
  The ghost of slacking the Skirmisher, an amateur DsAK of Lugonu (D:3)
  A centaur (D:5)
  3 scorpions
  3 wights (D:6)
  3 crimson imps
  2 hounds
  4 orc priests
  2 jellies (D:5)
  2 orc wizards (D:4)
  An iguana (D:4)
  4 worker ants
  A hound zombie (D:6)
  A howler monkey zombie (D:6)
  6 adders
  3 worms
  2 dart slugs
  6 giant geckos
  23 orcs
  A giant cockroach (D:1)
  7 goblins
  7 hobgoblins
  3 jackals (D:6)
  4 quokkas
  A ball python (D:1)
  4 bats
  2 giant gecko zombies (D:5)
  2 giant newts (D:3)
  6 kobolds
  10 rats
123 creatures vanquished.

Vanquished Creatures (collateral kills)
  An ogre (D:4)
  A centaur (D:5)
  A giant frog (D:6)
  A howler monkey (D:5)
  A crimson imp (D:5)
  A hound (D:4)
  An adder (D:5)
  A bat (D:3)
  A quokka zombie (D:5)
9 creatures vanquished.

Vanquished Creatures (others)
  A giant frog (D:6)
1 creature vanquished.

Grand Total: 133 creatures vanquished

Notes
Turn   | Place    | Note
--------------------------------------------------------------
     0 | Abyss:1  | Gargoyl the Demonspawn Abyssal Knight began the quest for the Orb.
     0 | Abyss:1  | Reached XP level 1. HP: 18/18 MP: 2/2
    20 | Abyss:1  | Found a shadowy altar of Dithmenos.
    93 | D:1      | Escaped the Abyss
   301 | D:1      | Reached skill level 2 in Armour
   322 | D:1      | Reached * piety under Lugonu
   322 | D:1      | Gained mutation: A weak demonic guardian rushes to your aid. [demonic ancestry]
   322 | D:1      | Reached XP level 2. HP: 12/24 MP: 3/3
  1228 | D:2      | Found a deep blue altar of Sif Muna.
  1229 | D:2      | Found a white marble altar of Elyvilon.
  1332 | D:2      | Gained mutation: You have a pair of small horns on your head. [demonic ancestry]
  1332 | D:2      | Reached XP level 3. HP: 27/29 MP: 5/5
  1652 | D:2      | Found a glowing golden altar of the Shining One.
  1676 | D:2      | Found a faded altar to an unknown god.
  1917 | D:3      | Reached skill level 1 in Dodging
  2019 | D:3      | Reached ** piety under Lugonu
  2019 | D:3      | Gained mutation: When hurt, damage is shared between your health and your magic reserves. [demonic ancestry]
  2019 | D:3      | Reached XP level 4. HP: 33/35 MP: 6/6
  2187 | D:3      | Noticed slacking's ghost (amateur DsAK)
  2208 | D:3      | Killed slacking's ghost
  2208 | D:3      | Reached skill level 3 in Armour
  2208 | D:3      | Gained mutation: You have a pair of horns on your head. [demonic ancestry]
  2208 | D:3      | Reached XP level 5. HP: 39/41 MP: 7/7
  2430 | D:4      | Found a staircase to the Ecumenical Temple.
  2448 | D:3      | Reached skill level 1 in Throwing
  2862 | D:4      | Found Garobro's General Store.
  2879 | D:4      | Noticed an ogre
  2881 | D:4      | Reached skill level 4 in Armour
  2881 | D:4      | Gained mutation: You have large cloven feet. [demonic ancestry]
  2881 | D:4      | Reached XP level 6. HP: 47/48 MP: 8/8
  2999 | D:4      | Noticed an orc warrior
  3011 | D:4      | Killed an orc warrior
  3441 | D:4      | Reached skill level 5 in Armour
  3441 | D:4      | Reached XP level 7. HP: 22/54 MP: 7/9
  3975 | D:4      | Found a snail-covered altar of Cheibriados.
  4000 | D:4      | Reached *** piety under Lugonu
  4245 | D:5      | Entered Level 5 of the Dungeon
  4270 | D:5      | Reached skill level 1 in Stealth
  4331 | D:5      | Reached skill level 6 in Armour
  4755 | D:5      | Gained mutation: You have a pair of large horns on your head. [demonic ancestry]
  4755 | D:5      | Reached XP level 8. HP: 52/61 MP: 10/10
  4893 | D:5      | Found a stormy altar of Qazlal.
  5548 | D:6      | Noticed Pikel
  5852 | D:5      | Killed Pikel
  5852 | D:5      | Reached skill level 5 in Fighting
  5852 | D:5      | Reached skill level 7 in Armour
  6267 | D:6      | Reached **** piety under Lugonu
  6839 | D:7      | Reached skill level 8 in Armour
  6839 | D:7      | Reached XP level 9. HP: 68/68 MP: 11/11
  7105 | D:7      | Noticed golgol's ghost (novice MiBe)
  7138 | D:7      | HP: 3/68 [poisoned by golgol's ghost]
  7140 | D:7      | Succumbed to golgol's ghost's poison

Skill      XL: |  1  2  3  4  5  6  7  8 |
---------------+-------------------------+-----
Armour         | 2 3 4 5 6 8 |  8.2
Axes           | 2 3 4 |  4.5
Dodging        | 1 2 3 |  3.3
Throwing       | 1 |  1.2
Fighting       | 4 5 |  5.4
Stealth        | 1 |  1.2
Invocations    | 3 |  3.0

Action                   |  1- 3 |  4- 6 |  7- 9 || total
-------------------------+-------+-------+-------++-------
Melee: Hand axe          |   107 |   110 |       ||   217
       Headbutt          |     8 |    26 |    39 ||    73
       Battleaxe         |       |    29 |   261 ||   290
Throw: Javelin           |    19 |     1 |     2 ||    22
Invok: Depart the Abyss  |     1 |       |       ||     1
       Bend Space        |       |       |     1 ||     1
  Use: Scroll            |     5 |     6 |     6 ||    17
       Potion            |       |     3 |     6 ||     9
 Stab: Distracted        |       |       |     1 ||     1
  Eat: Chunk             |     4 |     4 |    12 ||    20
Armor: Chain mail        |    65 |    71 |   249 ||   385
       Plate armour      |       |       |    18 ||    18
Dodge: Dodged            |    41 |    38 |   149 ||   228
